cohdb
Replays
Latest Replays
All Replays
Popular Replays
Top Player Replays
Match Explorer
How It Works
Community
CoH3 Stats
Reddit
Sign in to upload your games and track your stats! →
Sign in with Steam
Match 39710573
Unlisted
Match 39710573
Overview
Messages
Build Orders
End
Engineer Squad
Construct Weapon Support Center
Selects Airborne Battlegroup
Bazooka Squad
Selects Heavy Machine Gun Paradrop
Selects Smoke Bombing Run
Heavy Machine Gun Paradrop
Infantry Support Center
Bazooka Squad
Selects Paratrooper Squad Paradrop
Paratrooper Squad Paradrop
Smoke Bombing Run
Paratrooper Squad Paradrop
Smoke Bombing Run
Construct Tank Depot
Selects Supply Drop
Supply Drop
M4(105) Sherman Bulldozer
Improved M9 Bazooka Rockets
Supply Drop
Smoke Bombing Run
Smoke Bombing Run
M4(105) Sherman Bulldozer
Selects Carpet Bombing Run
JollyRedRockett
mustapha_raja123
isaaac555555
Mael Radec
Coldblackeye
Lauchgestalt
Drachenl00rd
ManxMcDonKey
0
0
Comments
sign in to comment!
No comments posted yet!